 Dungeon Crawl Stone Soup version 0.25-a0-699-g25a338df49 (webtiles) character file.

Game seed: 9278118776341136348, levelgen mode: deterministic

275932 hYBRISjENS the Slayer (level 19, -10/205 HPs)
             Began as a Minotaur Fighter on Apr 2, 2020.
             Was the Champion of Ru.
             Splashed by an acid blob's acid (17 damage)
             ... on level 1 of the Pits of Slime.
             The game lasted 03:44:03 (42005 turns).

hYBRISjENS the Slayer (Minotaur Fighter)           Turns: 42005, Time: 03:44:03

Health: -10/205    AC: 13    Str: 30      XL:     19   Next: 57%
Magic:  18/18      EV:  7    Int:  5      God:    Ru [******]
Gold:   3175       SH: 28    Dex: 10 (13) Spells: 18/18 levels left

rFire    . . .     SeeInvis .   N - +9 demon blade (drain)
rCold    . . .     Gourm    .   A - +2 tower shield of Kylipsucs {Regen+ Str+4}
rNeg     + . .     Faith    .   K - +7 plate armour "Facaf" {rPois}
rPois    +         Spirit   .   s - +2 hat
rElec    +         Reflect  +   (no cloak)
rCorr    .         Harm     .   q - +2 pair of gloves
MR       ++...                  L - +2 pair of boots {run}
Stlth    ..........             O - amulet "Tojer" {Reflect rElec SH+4}
HPRegen  0.84/turn              h - ring of protection from magic
MPRegen  0.16/turn              i - ring of positive energy

@: mighty, corroded, no scrolls, very slightly contaminated, invisible, quick
A: retaliatory headbutt, horns 2, inability to read while threatened, no
stealth, hated by all, inability to train dodging, no conjurations magic, no
fire magic, no transmutations magic, disrupted magic 2
}: 2/15 runes: decaying, gossamer
a: Draw Out Power, Power Leap, Apocalypse, Renounce Religion


You were on level 1 of the Pits of Slime.
You worshipped Ru.
Ru was exalted by your worship.
You were not hungry.

You visited 7 branches of the dungeon, and saw 33 of its levels.
You visited 1 bazaar.

You collected 6011 gold pieces.
You spent 2836 gold pieces at shops.

Inventory:

Hand Weapons
 N - a +9 demon blade of draining (weapon)
Armour
 q - a +2 pair of gloves (worn)
 s - a +2 hat (worn)
 A - the +2 tower shield of Kylipsucs (worn) {Regen+ Str+4}
   (You took it off Louise on level 4 of the Spider Nest)

   It affects your strength (+4).
   It increases your rate of regeneration.
 K - the +7 plate armour "Facaf" (worn) {rPois}
   (You bought it in a shop on level 1 of the Elven Halls)

   It protects you from poison.
 L - a +2 pair of boots of running (worn)
Jewellery
 h - a ring of protection from magic (left hand)
 i - a ring of positive energy (right hand)
 w - the ring of Qeaman {+Fly rF+}
   (You took it off a deep elf death mage on level 3 of the Elven Halls)

   [ring of protection from fire]

   It protects you from fire.
   It lets you fly.
 x - an uncursed ring of resist corrosion
 B - a +5 ring of protection
 O - the amulet "Tojer" (around neck) {Reflect rElec SH+4}
   (You acquired it on level 1 of the Orcish Mines)

   [amulet of reflection]

   It shields you and reflects attacks.
   It insulates you from electricity.
   It affects your SH (+4).
Wands
 a - a wand of disintegration (11)
 p - a wand of iceblast (4)
 y - a wand of acid (35)
 D - a wand of paralysis (14)
 P - a wand of digging (11)
Scrolls
 d - 2 scrolls of enchant weapon
 j - 3 scrolls of magic mapping
 l - 11 scrolls of teleportation
 m - a scroll of holy word
 n - 6 scrolls of fear
 o - 3 scrolls of enchant armour
 r - 4 scrolls of remove curse
 v - 3 scrolls of blinking
 F - 11 scrolls of identify
 G - 5 scrolls of fog
Potions
 b - 2 potions of might
 e - 4 potions of brilliance
 g - 3 potions of haste
 k - 2 potions of flight
 t - a potion of ambrosia
 u - 9 potions of curing
 z - 6 potions of stabbing
 M - 3 potions of resistance
 W - a potion of cancellation
Comestibles
 f - 64 rations


   Skills:
 - Level 26.3 Fighting
 - Level 14.0 Long Blades
 + Level 22.9 Armour
 + Level 15.8 Shields


You had 18 spell levels left.
You didn't know any spells.
Your spell library contained the following spells:

 Spells                   Type           Power        Failure   Level  Hunger
 Apportation              Tloc           #.....       100%        1    ##.....
 Corona                   Hex            #......      100%        1    ##.....
 Freeze                   Ice            #...         100%        1    ##.....
 Infusion                 Chrm           #...         100%        1    ##.....
 Pain                     Necr           #...         100%        1    ##.....
 Sandblast                Erth           #.....       100%        1    ##.....
 Poisonous Vapours        Pois/Air       #.....       100%        2    ###....
 Slow                     Hex            #.......     100%        2    ###....
 Swiftness                Chrm/Air       #.......     100%        2    ###....
 Frozen Ramparts          Ice            #.....       100%        3    ####...
 Lesser Beckoning         Tloc           #.........   100%        3    ####...
 Ozocubu's Armour         Chrm/Ice       #.......     100%        3    ####...
 Portal Projectile        Hex/Tloc       #.....       100%        3    ####...
 Tukima's Dance           Hex            #.......     100%        3    ####...
 Vampiric Draining        Necr           #.........   100%        3    ####...
 Airstrike                Air            #.........   100%        4    #####..
 Cause Fear               Hex            #.........   100%        4    #####..
 Leda's Liquefaction      Hex/Erth       #.........   100%        4    #####..
 Olgreb's Toxic Radiance  Pois           #.......     100%        4    #####..
 Agony                    Necr           #.......     100%        5    ######.
 Lee's Rapid Deconstruct  Erth           #.........   100%        5    ######.
 Deflect Missiles         Chrm/Air       #.........   100%        6    #######
 Invisibility             Hex            #.......     100%        6    #######
 Shatter                  Erth           #.........   100%        9    #######
 Animate Skeleton         Necr           Unusable     N/A         1    N/A
 Foxfire                  Conj/Fire      Unusable     N/A         1    N/A
 Shock                    Conj/Air       Unusable     N/A         1    N/A
 Sting                    Tmut/Pois      Unusable     N/A         1    N/A
 Summon Butterflies       Summ           Unusable     N/A         1    N/A
 Passwall                 Tmut/Erth      Unusable     N/A         2    N/A
 Conjure Flame            Conj/Fire      Unusable     N/A         3    N/A
 Ignite Poison            Fire/Tmut/Pois Unusable     N/A         3    N/A
 Inner Flame              Hex/Fire       Unusable     N/A         3    N/A
 Mephitic Cloud           Conj/Pois/Air  Unusable     N/A         3    N/A
 Static Discharge         Conj/Air       Unusable     N/A         3    N/A
 Stone Arrow              Conj/Erth      Unusable     N/A         3    N/A
 Animate Dead             Necr           Unusable     N/A         4    N/A
 Hailstorm                Conj/Ice       Unusable     N/A         4    N/A
 Petrify                  Tmut/Erth      Unusable     N/A         4    N/A
 Sticky Flame             Conj/Fire      Unusable     N/A         4    N/A
 Summon Ice Beast         Ice/Summ       Unusable     N/A         4    N/A
 Alistair's Intoxication  Tmut/Pois      Unusable     N/A         5    N/A
 Bolt of Magma            Conj/Fire/Erth Unusable     N/A         5    N/A
 Fireball                 Conj/Fire      Unusable     N/A         5    N/A
 Lightning Bolt           Conj/Air       Unusable     N/A         5    N/A
 Yara's Violent Unravell  Hex/Tmut       Unusable     N/A         5    N/A
 Conjure Ball Lightning   Conj/Air       Unusable     N/A         6    N/A
 Freezing Cloud           Conj/Ice/Air   Unusable     N/A         6    N/A
 Iron Shot                Conj/Erth      Unusable     N/A         6    N/A
 Starburst                Conj/Fire      Unusable     N/A         6    N/A
 Statue Form              Tmut/Erth      Unusable     N/A         6    N/A
 Ring of Flames           Chrm/Fire      Unusable     N/A         7    N/A

Dungeon Overview and Level Annotations

Branches:
Dungeon (13/15)            Temple (0/1) D:7            Lair (6/6) D:9
  Swamp (4/4) Lair:4       Spider (4/4) Lair:2        Slime (1/5) Lair:6
    Orc (2/2) D:9             Elf (3/3) Orc:2
 Vaults: D:13-14

Altars:
Ashenzari
Dithmenos
Elyvilon
Gozag
Hepliaklqana
Kikubaaqudgha
Ru
Trog
Beogh

Shops:
D:5 *   D:6 %   D:10 =   Orc:2 ::*=   Elf:1 !}[   Elf:3 }!=?

Portals:
Trove: D:11 (give +3 ice dragon scales)

Annotations:
Lair:6 exclusion: 5 oklob plants


Innate Abilities, Weirdness & Mutations

You reflexively headbutt those who attack you in melee.
You have a pair of horns on your head.
You cannot read scrolls while threatened.
You cannot be stealthy.
You are hated by all.
You cannot train Dodging skill.
You cannot study or cast Conjurations magic.
You cannot study or cast Fire magic.
You cannot study or cast Transmutations magic.
Your casting is disrupted.


Message History

The slime creature is splashed with acid.
The acid corrodes the slime creature!
The slime creature quivers. x2
You slash the acid blob! You drain the acid blob. The acid corrodes you!
Your hands burn!
* * * LOW HITPOINT WARNING * * *
The acid blob is heavily wounded.
The slime creature quivers. x3
You block the slime creature's attack. x2
You slice the acid blob!!
Your hands burn!
* * * LOW HITPOINT WARNING * * *
You headbutt the acid blob, but do no damage.
The acid blob is severely wounded.
The slime creature quivers. x2; The large slime creature quivers.
The slime creature quivers. x2
The acid blob spits acid at you. The splash of acid hits you.
* * * LOW HITPOINT WARNING * * *
You are splashed with acid!
You die...

.....##
.##.....#
.....#...
........#
........##
.......J.##
......JJ.J##.##
.....JJJ@.....#
......JJJ....##
......JJ....##
....#..#.....#
............##
.......#...##
........#.##
....... ..


You could see an acid blob, a very large slime creature, 2 large slime creatures
and 8 slime creatures.

Vanquished Creatures
  Mara (Spider:4)
  Bai Suzhen (Elf:3)
  the Lernaean hydra (Swamp:4)
  The ghost of Aprye the Warrior, an adept HOFi of Fedhas (Elf:2)
  Arachne (Spider:4)
  A deep elf master archer (Elf:3)
  3 deep elf blademasters
  An acid blob (Slime:1)
  Gastronok (Lair:2)
  Roxanne (Swamp:1)
  3 deep elf sorcerers (Elf:3)
  The ghost of Zorot the Warrior, a journeyman FoFi of Okawaru (Spider:2)
  Louise (Spider:4)
  An orc warlord (Orc:2)
  4 ghost moths (Spider:4)
  5 emperor scorpions
  The ghost of Vajosau the Summoner, a journeyman DrIE of Cheibriados (Elf:3)
  3 deep elf elementalists (Elf:3)
  The ghost of Gezasmimp the Eclecticist, an adept DEVM of Sif Muna (Elf:2)
  4 entropy weavers
  3 deep elf demonologists (Elf:3)
  10 deep elf annihilators
  A spark wasp (Spider:3)
  A dire elephant (Lair:6)
  6 deep elf death magi
  Josephine (Lair:5)
  2 deep elf high priests (Elf:3)
  Fannar (Lair:2)
  19 hydras
  Erica (D:11)
  A catoblepas (Lair:6)
  2 shambling mangroves
  5 two-headed ogres
  15 alligators
  8 death yaks
  A deep troll shaman (Lair:6)
  24 dancing weapons
  Urug (Orc:1)
  5 orc high priests
  5 spriggans
  21 deep elf knights
  Nergalle (Lair:2)
  4 skeletal warriors (D:12)
  4 spriggan druids
  19 deep elf archers
  Pikel (D:6)
  9 swamp dragons
  A lindwurm (Lair:6)
  3 orc knights (Orc:2)
  3 oklob plants (Lair:6)
  14 orb spiders
  69 deep elf magi
  4 cyclopes
  7 orc sorcerers
  20 wolf spiders
  An ugly thing (D:11)
  Joseph (D:10)
  2 moths of wrath
  3 black mambas
  20 elephants
  2 centaur zombies
  A gargoyle (D:11)
  A kobold demonologist (D:12)
  2 rime drakes
  25 spiny frogs
  4 demonic crawlers
  4 komodo dragons
  9 tyrant leeches
  19 hornets
  2 trolls (Orc:1)
  31 jumping spiders
  2 polar bears (Lair:6)
  16 blink frogs
  Prince Ribbit (D:7)
  9 slime creatures
  7 dream sheep
  13 hippogriffs
  12 bog bodies
  5 wraiths (Lair:5)
  Sigmund (D:3)
  3 air elementals
  3 water elementals
  58 redbacks
  27 yaks
  4 wyverns
  22 tarantellas
  A fire elemental (Elf:1)
  5 basilisks
  A steam dragon (D:9)
  26 vampire mosquitoes
  2 hungry ghosts
  28 insubstantial wisps
  Menkaure (D:7)
  23 swamp worms
  10 wargs
  Edmund (D:6)
  2 soldier ants
  An acid dragon (D:12)
  Duvessa (D:7)
  11 water moccasins
  8 porcupines
  4 ice beasts
  17 swamp drakes
  9 sky beasts
  40 orc warriors
  A slave (D:6)
  3 black bears
  12 ogres
  5 phantoms
  35 wolves
  3 centaurs
  2 big kobolds
  7 crocodiles
  12 bullfrogs
  A gnoll sergeant (D:8)
  Dowan (D:7)
  7 scorpions
  A wyvern skeleton (D:11)
  3 howler monkeys (D:12)
  9 wights
  9 electric eels
  8 crimson imps
  A quasit (D:8)
  2 jellies
  35 orc priests
  4 hounds
  21 orc wizards
  A gnoll shaman (D:7)
  2 bullfrog skeletons
  Jessica (D:2)
  Ijyb (D:3)
  Natasha (D:2)
  6 iguanas
  12 worker ants
  5 hell rats (Lair:3)
  A hound zombie (D:7)
  3 hound skeletons
  8 gnolls
  14 adders
  A shadow imp (D:6)
  2 adder zombies
  An adder skeleton (D:6)
  A worm (D:5)
  A dart slug (D:1)
  4 leopard geckos
  111 orcs
  4 giant cockroaches
  5 goblins
  6 hobgoblins
  2 jackals (D:3)
  10 kobolds
  A quokka (D:6)
  6 ball pythons
  8 bats
  A frilled lizard (D:3)
  A jackal zombie (D:5)
  8 rats
  A butterfly (Lair:3)
  A fungus (Swamp:4)
  2 plants (Lair:6)
1243 creatures vanquished.

Vanquished Creatures (collateral kills)
  Rupert (Lair:3)
  A porcupine (Lair:3)
  2 hell rats (Lair:3)
4 creatures vanquished.

Vanquished Creatures (others)
  A deep elf master archer (Elf:3)
  A deep elf demonologist (Elf:3)
  A deep elf annihilator (Elf:3)
  A deep elf high priest (Elf:3)
  2 hydras
  A dancing weapon (Elf:1)
  A deep elf knight (Elf:2)
  2 deep elf archers (Elf:1)
  A deep elf mage (Elf:2)
  An orb spider (Spider:4)
  A jumping spider (Spider:1)
  A hornet (Spider:4)
  2 tyrant leeches
  2 redbacks
  A shadow (Swamp:1)
  A water elemental (Elf:1)
  A tarantella (Spider:1)
  A swamp worm (Swamp:4)
  A swamp drake (Swamp:4)
  A leopard gecko (D:10)
  A bush (Swamp:4)
  2 crawling corpses (Elf:3)
  17 fungi
  9 plants
53 creatures vanquished.

Grand Total: 1300 creatures vanquished

Notes
Turn   | Place    | Note
-------+----------+-------------------------------------------
     0 | D:1      | hYBRISjENS the Minotaur Fighter began the quest for the
                  | Orb.
     0 | D:1      | Reached XP level 1. HP: 19/19 MP: 0/0
   209 | D:1      | Reached XP level 2. HP: 26/26 MP: 1/1
   220 | D:1      | Found a shattered altar of Ashenzari,
   705 | D:2      | Noticed Jessica
   710 | D:2      | Killed Jessica
   710 | D:2      | Reached XP level 3. HP: 31/31 MP: 2/2
  1306 | D:2      | Noticed Natasha
  1315 | D:2      | Killed Natasha
  1315 | D:2      | Reached skill level 5 in Shields
  1315 | D:2      | Reached XP level 4. HP: 35/39 MP: 3/3
  1638 | D:3      | Found a bloodstained altar of Trog,
  1759 | D:3      | Reached XP level 5. HP: 36/45 MP: 4/4
  1836 | D:3      | Noticed Sigmund
  1841 | D:3      | Noticed Ijyb
  1858 | D:3      | Killed Sigmund
  1858 | D:3      | Reached XP level 6. HP: 3/51 MP: 5/5
  1858 | D:3      | HP: 2/51 [poisoned by an adder]
  1867 | D:3      | HP: 3/76 [poisoned by an adder]
  1870 | D:3      | Killed Ijyb
  1872 | D:3      | HP: 3/76 [poisoned by an adder]
  2375 | D:4      | You fall into a shaft and drop 1 floor!
  2375 | D:5      | Entered Level 5 of the Dungeon
  2375 | D:5      | Found Rees's Retail Resort,
  2448 | D:4      | Found a sacrificial altar of Ru,
  2451 | D:4      | Became a worshipper of Ru the Awakened
  2688 | D:4      | Noticed a hungry ghost
  2697 | D:4      | Killed a hungry ghost
  2697 | D:4      | Reached XP level 7. HP: 55/57 MP: 6/6
  3118 | D:5      | Reached skill level 10 in Shields
  3260 | D:5      | Reached skill level 4 in Fighting
  3432 | D:5      | Reached XP level 8. HP: 61/67 MP: 7/7
  3500 | D:5      | Reached skill level 5 in Fighting
  3500 | D:5      | Reached skill level 5 in Armour
  3658 | D:5      | Found a faded altar of an unknown god,
  3658 | D:5      | Found a bloodstained altar of Trog,
  3663 | D:5      | Found an opulent altar of Gozag,
  3665 | D:5      | Found a faded altar of an unknown god,
  3666 | D:5      | Found a hazy altar of Hepliaklqana,
  3890 | D:5      | Found a white marble altar of Elyvilon,
  3890 | D:5      | Found a shattered altar of Ashenzari,
  3950 | D:6      | Found an ancient bone altar of Kikubaaqudgha,
  3973 | D:6      | Noticed Edmund
  3991 | D:6      | Killed Edmund
  3991 | D:6      | Reached skill level 6 in Fighting
  3993 | D:6      | Gained mutation: You cannot train Dodging skill. [Ru
                  | sacrifice]
  3993 | D:6      | Reached * piety under Ru
  4193 | D:6      | Found Poluriuno's Food Shop,
  4202 | D:6      | Noticed Pikel
  4219 | D:6      | Killed Pikel
  4219 | D:6      | Reached skill level 8 in Fighting
  4219 | D:6      | Reached XP level 9. HP: 71/81 MP: 8/8
  4668 | D:6      | Got a bloodstained scale mail
  4679 | D:6      | Identified the cursed +0 scale mail "Wableddu" {Stlth+}
                  | (You found it on level 6 of the Dungeon)
  4713 | D:7      | Noticed Menkaure
  4768 | D:7      | Reached skill level 9 in Fighting
  4773 | D:7      | Killed Menkaure
  4826 | D:7      | Noticed Duvessa
  4827 | D:7      | Noticed Dowan
  4840 | D:7      | Killed Duvessa
  4848 | D:7      | Killed Dowan
  4989 | D:7      | Got a translucent ring mail
  4999 | D:7      | Identified the +0 ring mail "Ypsunuwe" {*Corrode MR+ Dex+3}
                  | (You found it on level 7 of the Dungeon)
  5082 | D:7      | Reached skill level 10 in Armour
  5096 | D:7      | Got an encrusted scale mail
  5106 | D:7      | Identified the +1 scale mail of Ikhongomih {rC+} (You found
                  | it on level 7 of the Dungeon)
  5263 | D:7      | Reached skill level 10 in Fighting
  5274 | D:7      | You fall into a shaft and drop 2 floors!
  5512 | D:9      | Reached XP level 10. HP: 56/94 MP: 9/9
  5880 | D:9      | Gained mutation: Your casting is slightly disrupted. [Ru
                  | sacrifice]
  5911 | D:9      | Found a staircase to the Orcish Mines,
  5958 | D:9      | Found a staircase to the Lair,
  5984 | D:9      | Reached skill level 11 in Fighting
  7220 | D:8      | Found a shadowy altar of Dithmenos,
  7876 | D:7      | Noticed Prince Ribbit
  7888 | D:7      | Killed Prince Ribbit
  8045 | D:7      | Found a staircase to the Ecumenical Temple,
  9510 | D:10     | Entered Level 10 of the Dungeon
  9643 | D:10     | Noticed Joseph
  9677 | D:10     | Killed Joseph
  9677 | D:10     | Reached skill level 12 in Fighting
  9789 | D:10     | Gained mutation: Your casting is disrupted. [Ru sacrifice]
  9789 | D:10     | Reached ** piety under Ru
  9794 | D:10     | Noticed a two-headed ogre
  9803 | D:10     | Killed a two-headed ogre
  9905 | D:10     | Found Myokk's Jewellery Shoppe,
  9962 | D:10     | Reached XP level 11. HP: 91/104 MP: 10/10
 10646 | D:10     | Identified a scroll of acquirement
 10646 | D:10     | Identified the ring "Gaxeufug" {rF+ MR- Str+6} (You
                  | acquired it on level 10 of the Dungeon)
 11082 | D:11     | Reached skill level 5 in Long Blades
 11111 | D:11     | Noticed a two-headed ogre
 11124 | D:11     | Killed a two-headed ogre
 11265 | D:11     | Found a portal to a secret trove of treasure,
 11694 | D:11     | Noticed a green ugly thing
 11719 | D:11     | Killed a green ugly thing
 11726 | D:11     | Noticed Erica
 12277 | D:11     | Killed Erica
 12869 | D:12     | Noticed a skeletal warrior
 12874 | D:12     | Noticed a skeletal warrior
 12874 | D:12     | Noticed a skeletal warrior
 12876 | D:12     | Noticed a skeletal warrior
 12881 | D:12     | Killed a skeletal warrior
 12894 | D:12     | Killed a skeletal warrior
 12894 | D:12     | Reached XP level 12. HP: 104/113 MP: 11/11
 13232 | D:12     | Noticed a two-headed ogre
 13243 | D:12     | Killed a two-headed ogre
 13646 | D:13     | Noticed a centaur warrior
 13844 | Lair:1   | Entered Level 1 of the Lair of Beasts
 13852 | Lair:1   | Reached skill level 10 in Long Blades
 15125 | Lair:2   | Noticed Gastronok
 15220 | Lair:2   | Noticed Fannar
 15241 | Lair:2   | Killed Fannar
 15581 | Lair:2   | Noticed Nergalle
 15591 | Lair:2   | Killed Nergalle
 15658 | Lair:2   | Killed Gastronok
 15658 | Lair:2   | Reached skill level 15 in Shields
 15765 | Lair:2   | You fall into a shaft and drop 1 floor!
 15939 | Lair:3   | Noticed Rupert
 15951 | Lair:3   | Killed Rupert
 15951 | Lair:3   | Reached XP level 13. HP: 92/119 MP: 12/12
 17010 | Lair:4   | Reached skill level 13 in Fighting
 17279 | Lair:5   | Reached skill level 14 in Fighting
 17932 | Lair:4   | Reached skill level 15 in Fighting
 17973 | Lair:4   | Gained mutation: You are hated by all. [Ru sacrifice]
 17973 | Lair:4   | Reached *** piety under Ru
 18352 | Lair:4   | Found a staircase to the Swamp,
 18904 | Lair:5   | Noticed Josephine
 18916 | Lair:5   | Killed Josephine
 18923 | Lair:5   | Reached XP level 14. HP: 128/136 MP: 13/13
 18934 | Lair:5   | Reached skill level 16 in Fighting
 19322 | Lair:6   | Entered Level 6 of the Lair of Beasts
 19791 | Lair:6   | Gained mutation: You cannot read scrolls while threatened.
                  | [Ru sacrifice]
 19791 | Lair:6   | Reached **** piety under Ru
 19791 | Lair:6   | Reached ***** piety under Ru
 20048 | Lair:6   | Reached skill level 17 in Fighting
 20217 | Lair:6   | Identified a +0 pair of boots of running (You found it on
                  | level 6 of the Lair of Beasts)
 20723 | Lair:6   | Gained mutation: You cannot study or cast Fire magic. [Ru
                  | sacrifice]
 20723 | Lair:6   | Gained mutation: You cannot study or cast Transmutations
                  | magic. [Ru sacrifice]
 20723 | Lair:6   | Gained mutation: You cannot study or cast Conjurations
                  | magic. [Ru sacrifice]
 21079 | Lair:6   | Reached skill level 18 in Fighting
 21843 | Lair:6   | Found a staircase to the Slime Pits,
 21977 | Lair:6   | HP: 5/143 [acid (12)]
 22575 | Lair:2   | Found a hole to the Spider Nest,
 22955 | Orc:1    | Entered Level 1 of the Orcish Mines
 22983 | Orc:1    | Noticed Urug
 22994 | Orc:1    | Killed Urug
 23459 | Orc:1    | Identified the amulet "Tojer" {Reflect rElec SH+4} (You
                  | acquired it on level 1 of the Orcish Mines)
 23482 | Orc:2    | Entered Level 2 of the Orcish Mines
 23986 | Orc:2    | Found a staircase to the Elven Halls,
 24431 | Orc:2    | Reached XP level 15. HP: 151/151 MP: 14/14
 24436 | Orc:2    | Found a roughly hewn altar of Beogh,
 24443 | Orc:2    | Noticed an orc warlord
 24476 | Orc:2    | Killed an orc warlord
 24660 | Orc:2    | Reached skill level 19 in Fighting
 24825 | Orc:2    | Found Usisi's Book Shoppe,
 24886 | Orc:2    | Found Culawn's Book Emporium,
 25292 | Orc:2    | Found a roughly hewn altar of Beogh,
 25395 | Orc:2    | Found Rufokyid's Jewellery Boutique,
 25471 | Orc:2    | Found Plog's General Store,
 25491 | Orc:2    | Bought a scroll of enchant armour for 127 gold pieces
 25774 | Elf:1    | Entered Level 1 of the Elven Halls
 25851 | Elf:1    | Reached skill level 15 in Armour
 26220 | Elf:1    | Found Pytiodgh's Antique Armour Emporium,
 26222 | Elf:1    | Found Seleusua's Gadget Shoppe,
 26224 | Elf:1    | Found Bahe's Distillery,
 26232 | Elf:1    | Bought a potion of might for 68 gold pieces
 26232 | Elf:1    | Bought a potion of heal wounds for 85 gold pieces
 26236 | Elf:1    | Bought a slimy plate armour for 1036 gold pieces
 26266 | Elf:1    | Identified the +7 plate armour "Facaf" {rPois} (You bought
                  | it in a shop on level 1 of the Elven Halls)
 26367 | Elf:1    | Identified the Almanac of Confrontation
 26748 | Elf:1    | Reached skill level 20 in Fighting
 27276 | Elf:1    | Found a flickering gateway to a bazaar,
 27282 | Bazaar   | Entered a bazaar
 27283 | Bazaar   | Found Ycicooru's Magic Scroll Shop,
 27283 | Bazaar   | Found Guoniury's General Store,
 27284 | Bazaar   | Found Vekkulomaett's Gadget Emporium,
 27290 | Bazaar   | Bought a scroll of blinking for 90 gold pieces
 27293 | Bazaar   | Found Huvuish's Gadget Emporium,
 27334 | Bazaar   | Bought a scroll of teleportation for 39 gold pieces
 27334 | Bazaar   | Bought a scroll of blinking for 97 gold pieces
 27334 | Bazaar   | Bought a scroll of acquirement for 676 gold pieces
 27846 | Elf:2    | Reached XP level 16. HP: 126/165 MP: 15/15
 28198 | Elf:2    | Found a huge runed translucent gate,
 28198 | Elf:2    | Found a huge runed translucent gate,
 28198 | Elf:2    | Found a huge runed translucent gate,
 28199 | Elf:2    | Found a huge runed translucent gate,
 28199 | Elf:2    | Found a huge runed translucent gate,
 28219 | Elf:2    | Found a runed translucent gate,
 28220 | Elf:2    | Found a runed translucent gate,
 28221 | Elf:2    | Found a runed translucent gate,
 28222 | Elf:2    | Noticed Gezasmimp's ghost (adept DEVM)
 28222 | Elf:2    | Noticed Aprye's ghost (adept HOFi)
 28317 | Elf:2    | Gained mutation: You cannot be stealthy. [Ru sacrifice]
 28317 | Elf:2    | Reached ****** piety under Ru
 28438 | Elf:2    | Reached skill level 21 in Fighting
 28817 | Elf:2    | Noticed a deep elf blademaster
 28855 | Elf:2    | Killed a deep elf blademaster
 29611 | Elf:3    | Entered Level 3 of the Elven Halls
 29846 | Elf:3    | Found Wiomik's Gadget Shoppe,
 29876 | Elf:3    | Found Seiwk's Distillery,
 29880 | Elf:3    | Bought a potion of flight for 45 gold pieces
 29880 | Elf:3    | Bought a potion of resistance for 150 gold pieces
 29880 | Elf:3    | Bought a potion of invisibility for 120 gold pieces
 29880 | Elf:3    | Bought a potion of haste for 150 gold pieces
 29880 | Elf:3    | Bought a potion of heal wounds for 75 gold pieces
 29948 | Elf:3    | Found a runed translucent gate,
 29948 | Elf:3    | Found a runed translucent gate,
 30026 | Elf:3    | Found a runed translucent gate,
 30026 | Elf:3    | Noticed Vajosau's ghost (journeyman DrIE)
 30050 | Elf:3    | Killed Vajosau's ghost
 30306 | Elf:3    | Found Pajymaek's Jewellery Emporium,
 30359 | Elf:3    | Found Wuepydgh's Magic Scroll Shop,
 30563 | Elf:3    | Noticed a deep elf blademaster
 30563 | Elf:3    | Noticed a deep elf master archer
 30565 | Elf:3    | Noticed a deep elf blademaster
 30568 | Elf:3    | Reached skill level 22 in Fighting
 30569 | Elf:3    | Noticed a Brimstone Fiend
 30571 | Elf:3    | Reached XP level 17. HP: 152/176 MP: 10/16
 30573 | Elf:3    | Noticed a deep elf master archer
 30646 | Elf:3    | Noticed Bai Suzhen
 31012 | Elf:3    | Killed Bai Suzhen
 31072 | Elf:3    | Identified the +7 short sword "Puc Reff" {flame, rPois rC-
                  | MR+++ Stlth+}
 31097 | Elf:3    | Killed a deep elf blademaster
 31380 | Elf:3    | Identified the +6 hand axe of Destiny {venom, *Rage +Rage
                  | +Fly MR+}
 31393 | Elf:3    | Killed a deep elf master archer
 31537 | Elf:3    | Killed a deep elf blademaster
 31631 | Elf:3    | Identified the ring of Qeaman {+Fly rF+}
 31698 | Elf:3    | Killed a deep elf master archer
 31724 | Elf:3    | Identified Sif Muna's Disquisition on the Volcanoes
 31726 | Elf:3    | Identified the Almanac of Blistering Changing
 31732 | Elf:3    | Identified the Papyrus of Heat and Augmentations
 31863 | Elf:3    | Bought a scroll of teleportation for 39 gold pieces
 31863 | Elf:3    | Bought a scroll of teleportation for 39 gold pieces
 32261 | Swamp:1  | Entered Level 1 of the Swamp
 32315 | Swamp:1  | Identified Roxanne's Compendium of Earth
 32315 | Swamp:1  | Noticed Roxanne
 32342 | Swamp:1  | Reached skill level 23 in Fighting
 33270 | Swamp:1  | Killed Roxanne
 34680 | Swamp:3  | Reached XP level 18. HP: 190/190 MP: 17/17
 34855 | Swamp:3  | Reached skill level 24 in Fighting
 35322 | Swamp:4  | Entered Level 4 of the Swamp
 35901 | Swamp:4  | Reached skill level 25 in Fighting
 36131 | Swamp:4  | Noticed the 27-headed Lernaean hydra
 36150 | Swamp:4  | Killed the 26-headed Lernaean hydra
 36169 | Swamp:4  | Got a decaying rune of Zot
 36593 | Spider:1 | Entered Level 1 of the Spider Nest
 37914 | Spider:2 | Noticed Zorot's ghost (journeyman FoFi)
 37916 | Spider:2 | Found a runed translucent gate,
 37916 | Spider:2 | Found a runed translucent gate,
 37982 | Spider:2 | Found a runed translucent gate,
 38004 | Spider:2 | Killed Zorot's ghost
 38070 | Spider:2 | Lost intelligence.
 39072 | Spider:3 | Paralysed by a hornet for 3 turns
 39076 | Spider:3 | Reached XP level 19. HP: 152/204 MP: 18/18
 39509 | Spider:4 | Entered Level 4 of the Spider Nest
 39603 | Spider:4 | Noticed Arachne
 39616 | Spider:4 | Killed Arachne
 39616 | Spider:4 | Reached skill level 26 in Fighting
 39636 | Spider:4 | Identified the +2 tower shield of Kylipsucs {Regen+ Str+4}
 39636 | Spider:4 | Noticed Louise
 39652 | Spider:4 | Killed Louise
 40544 | Spider:4 | Got a gossamer rune of Zot
 40737 | Spider:4 | Noticed Mara
 40750 | Spider:4 | Noticed hYBRISjENS's illusion
 40765 | Spider:4 | Killed Mara
 41382 | Elf:2    | Killed Aprye's ghost
 41393 | Elf:2    | Killed Gezasmimp's ghost
 41961 | Slime:1  | Entered Level 1 of the Pits of Slime
 42004 | Slime:1  | HP: 10/205 [acid (4)]
 42005 | Slime:1  | Splashed by an acid blob's acid

Levels and vault maps discovered:
D:1:      dpeg_arrival_brainrot, layout_basic, evilmike_ruin_ashenzari
D:2:      layout_loops_corners, minmay_shallow_snake_nest, uniq_natasha,
          uniq_jessica
D:3:      layout_rooms, minmay_misc_feat_roman, trog_hazing_becter, uniq_ijyb,
          uniq_sigmund
D:4:      layout_loops_cross, kennysheep_mini_moat
D:5:      layout_loops_cross, chequers_temple_overflow_minitemple,
          gammafunk_temple_overflow_elements, first_ration,
          nicolae_alphabet_shops
D:6:      layout_basic, kiku_gazebo_garden_becter, serial_shops,
          kennysheep_little_box, uniq_edmund, uniq_pikel
D:7:      cheibrodos_two_vegetables, layout_basic, temple_hall,
          minmay_checkerbox, uniq_menkaure, uniq_duvessa, uniq_prince_ribbit1
D:8:      layout_basic, nicolae_dithmenos_shadow_blocks, blue_anna_alchemist
          [blue_anna_fruit_fields, blue_anna_fruit_fields]
D:9:      layout_roguey, erik_lair_orcish_takeover, hangedman_misty_isle
D:10:     layout_gridville, serial_shops, shop, uniq_joseph
D:11:     layout_irregular_city, gauntlet_entry_generic, enter_trove_2,
          uniq_erica
D:12:     layout_roguey
D:13:     layout_basic, david_vaults_1, serial_co_window_serial,
          co_window_corner_a, co_window_paths_a, co_window_corner_a,
          co_window_corner_a, co_window_paths_a, co_window_corner_cb,
          co_window_broadway_a, co_window_cross_2, co_window_2corner,
          co_window_broadway_b, co_window_2corner, glass_columns_a,
          glass_columns_a, glass_columns_c
Lair:1:   layout_layer_cave, minivault_23, serial_bayou_pond_c
Lair:2:   layout_roguey, dummy_spider_entry, serial_bayou_lagoon_b, uniq_fannar,
          uniq_gastronok, uniq_nergalle
Lair:3:   layout_loops_ring, nicolae_volcano_entry_two_sided, ldierk_geyser,
          grunt_forest_large_clearings, lemuel_fruit_fields, uniq_rupert
Lair:4:   layout_roguey, palyth_hydra_swamp_entry, lemuel_fruit_fields
Lair:5:   layout_regular_city, cheibrodos_lair_caveside_slide, uniq_josephine
Lair:6:   grunt_lair_end_beastmaster, layout_regular_city,
          minmay_slime_entry_oklob_open, dpeg_oklob_1, grunt_megastairs_5,
          lemuel_fruit_tree
Swamp:1:  layout_basic_swamp, evilmike_swamp_ruin_house_1, uniq_roxanne
Swamp:2:  layout_falls_marsh, evilmike_swamp_ruin_house_5, swamp_pool3
Swamp:3:  layout_falls_marsh, serial_swamp_ruin, evilmike_swamp_ruin_house_3,
          hangedman_swamp_ruin_hall, evilmike_swamp_ruin_house_2
Swamp:4:  grunt_swamp_rune_castle, layout_basic_swamp, infiniplex_staircase_pool
Spider:1: layout_spider_delve
Spider:2: layout_spider_delve, gammafunk_ghost_split
Spider:3: layout_spider_delve
Spider:4: spider_rune_water, uniq_arachne, uniq_mara, uniq_louise
Slime:1:  layout_caves
Orc:1:    layout_caves, nooodl_orcs_dogs, uniq_urug
Orc:2:    pubby_orc_utopia
Elf:1:    minmay_elf_arrival_plus, layout_gridlike, serial_shops,
          bzr_entry_safe, minmay_elf_annihilation, minmay_shop_star,
          grunt_megastairs_3
Elf:2:    layout_gridlike, gammafunk_ghost_cemetery, elves_outpost_lemuel
Elf:3:    grunt_elf_hall_asides, layout_geoelf_grid, ebering_ghost_rock_garden,
          serial_shops, shop_scrolls, shop_statue, shop_statue, shop,
          uniq_bai_suzhen

Skill      XL: |  1  2  3  4  5  6  7  8  9 10 11 12 13 14 15 16 17 18 19 |
---------------+----------------------------------------------------------+-----
Long Blades    | 3 4 8 12 14 | 14.0
Shields        | 4 5 7 9 10 11 13 15 | 15.8
Fighting       | 4 8 10 12 15 18 20 22 23 25 26 | 26.3
Armour         | 4 8 10 12 14 16 18 20 22 | 22.9

Action                   |  1- 3 |  4- 6 |  7- 9 | 10-12 | 13-15 | 16-18 | 19-21 || total
-------------------------+-------+-------+-------+-------+-------+-------+-------++-------
Melee: Long sword        |    68 |     5 |       |       |       |       |       ||    73
       Headbutt          |     8 |    17 |    67 |   222 |   374 |   320 |   101 ||  1109
       Rapier            |       |    91 |   381 |   444 |       |       |       ||   916
       Falchion          |       |       |       |   131 |       |       |       ||   131
       Scimitar          |       |       |       |   345 |  1453 |       |       ||  1798
       Demon blade       |       |       |       |       |    43 |  1375 |   370 ||  1788
Invok: Sacrifice Nimblen |       |       |     1 |       |       |       |       ||     1
       Sacrifice Essence |       |       |       |     2 |       |       |       ||     2
       Reject Sacrifices |       |       |       |     1 |       |       |       ||     1
       Sacrifice Love    |       |       |       |       |     1 |       |       ||     1
       Apocalypse        |       |       |       |       |     1 |     6 |       ||     7
       Sacrifice Words   |       |       |       |       |     1 |       |       ||     1
       Sacrifice Arcana  |       |       |       |       |     1 |       |       ||     1
       Draw Out Power    |       |       |       |       |     1 |       |       ||     1
       Power Leap        |       |       |       |       |       |     3 |       ||     3
       Sacrifice Stealth |       |       |       |       |       |     1 |       ||     1
Evoke: Wand              |       |       |       |     8 |       |    12 |     1 ||    21
  Use: Potion            |       |     5 |     4 |     8 |     5 |    16 |     5 ||    43
       Scroll            |       |    13 |     4 |    19 |     9 |     6 |     2 ||    53
 Stab: Distracted        |       |       |     1 |       |     4 |     2 |     3 ||    10
       Invisible         |       |       |       |       |     9 |     8 |     2 ||    19
       Paralysed         |       |       |       |       |     2 |     8 |     2 ||    12
       Confused          |       |       |       |       |     1 |     2 |       ||     3
  Eat: Chunk             |     1 |     4 |     3 |    24 |    37 |    21 |     5 ||    95
       Ration            |       |       |     2 |     4 |     1 |     4 |     2 ||    13
Armor: Scale mail        |    26 |    53 |   100 |   281 |   327 |       |       ||   787
       Skin              |       |     6 |       |       |       |       |       ||     6
       Ring mail         |       |       |     2 |       |       |       |       ||     2
       Plate armour      |       |       |       |       |    47 |   706 |   161 ||   914
Dodge: Dodged            |    30 |    42 |    68 |   201 |   298 |   283 |    46 ||   968
Block: Kite shield       |    44 |    61 |   222 |   597 |  1046 |  1071 |   175 ||  3216
       Reflection        |       |       |       |       |    39 |    44 |     7 ||    90
       Tower shield      |       |       |       |       |       |       |   101 ||   101
       Rpst.: Long sword |    14 |       |       |       |       |       |       ||    14
       Falchion          |       |       |       |     4 |       |       |       ||     4
       Scimitar          |       |       |       |    14 |    58 |       |       ||    72
       Demon blade       |       |       |       |       |       |    24 |     8 ||    32

Table legend:
 A = Non-vault XP
 B = Vault XP
 C = Vault XP percentage of total XP
 D = Non-vault monster count
 E = Vault monster count
 F = Vault count percentage of total count
                 A         B        C        D         E       F
            +---------+---------+-------+---------+---------+-------
      Total |  229963 |  202369 |  46.8 |     820 |     440 |  34.9
            +---------+---------+-------+---------+---------+-------
        D:1 |      26 |       0 |   0.0 |      17 |       0 |   0.0
        D:2 |      27 |      92 |  77.3 |      10 |       7 |  41.2
        D:3 |     163 |     268 |  62.2 |      20 |       8 |  28.6
        D:4 |     308 |       0 |   0.0 |      10 |       0 |   0.0
        D:5 |     905 |       0 |   0.0 |      13 |       0 |   0.0
        D:6 |    1150 |     859 |  42.8 |      30 |       2 |   6.2
        D:7 |     764 |    1318 |  63.3 |      13 |      14 |  51.9
        D:8 |     571 |     103 |  15.3 |      22 |       1 |   4.3
        D:9 |    1704 |    1530 |  47.3 |      24 |      14 |  36.8
       D:10 |    3201 |     481 |  13.1 |      31 |       1 |   3.1
       D:11 |    3045 |     902 |  22.9 |      23 |       1 |   4.2
       D:12 |    8902 |       0 |   0.0 |      42 |       0 |   0.0
     Lair:1 |    3741 |       0 |   0.0 |      16 |       0 |   0.0
     Lair:2 |    6394 |    4110 |  39.1 |      22 |       3 |  12.0
     Lair:3 |    6064 |    4928 |  44.8 |      32 |      24 |  42.9
     Lair:4 |    7024 |    2401 |  25.5 |      25 |       6 |  19.4
     Lair:5 |    7045 |    2910 |  29.2 |      29 |       7 |  19.4
     Lair:6 |   11086 |   13374 |  54.7 |      34 |      24 |  41.4
    Swamp:1 |   12081 |    2000 |  14.2 |      53 |       1 |   1.9
    Swamp:2 |   12873 |       0 |   0.0 |      37 |       0 |   0.0
    Swamp:3 |   18160 |     994 |   5.2 |      45 |       1 |   2.2
    Swamp:4 |   10464 |   21079 |  66.8 |      28 |      32 |  53.3
   Spider:1 |   17486 |       0 |   0.0 |      55 |       0 |   0.0
   Spider:2 |    4939 |    3609 |  42.2 |      16 |       5 |  23.8
   Spider:3 |   13943 |       0 |   0.0 |      32 |       0 |   0.0
   Spider:4 |    6026 |   36349 |  85.8 |      18 |      51 |  73.9
    Slime:1 |    3260 |       0 |   0.0 |       3 |       0 |   0.0
      Orc:1 |    2730 |    2048 |  42.9 |      16 |      13 |  44.8
      Orc:2 |       0 |   18136 | 100.0 |       0 |     145 | 100.0
      Elf:1 |   25068 |    7079 |  22.0 |      38 |      13 |  25.5
      Elf:2 |   22430 |   30959 |  58.0 |      36 |      38 |  51.4
      Elf:3 |   18383 |   46840 |  71.8 |      30 |      29 |  49.2
            +---------+---------+-------+---------+---------+-------
